 Dungeon Crawl Stone Soup version 0.23.1 (webtiles) character file.

Game seed: 841102454170074455

1538 PikkenKukken the Cleaver (level 8, -13/103 HPs)
             Began as a Hill Orc Fighter on Mar 9, 2019.
             Mangled by a two-headed ogre
             ... wielding a cursed -2 giant club
              (18 damage)
             ... on level 7 of the Dungeon.
             The game lasted 00:11:52 (6847 turns).

PikkenKukken the Cleaver (Hill Orc Fighter)         Turns: 6847, Time: 00:11:54

Health: -13/103    AC: 10    Str: 25    XL:     8   Next: 86%
Magic:  8/8        EV:  5    Int:  9    God:
Gold:   345        SH: 10    Dex: 10    Spells: 7/7 levels left

rFire    . . .     SeeInvis .   a - +0 war axe
rCold    . . .     Gourm    +   c - +1 shield
rNeg     . . .     Faith    .   A - +0 chain mail
rPois    .         Spirit   .   (no helmet)
rElec    .         Reflect  .   s - +0 cloak
rCorr    .         Harm     .   (no gloves)
MR       .....                  (no boots)
Stlth    ..........             v - amulet of the gourmand
HPRegen  0.27/turn              (no ring)
MPRegen  0.11/turn              (no ring)

@: berserking (expiring), lightly drained, very quick
A: no striking features
a: no special abilities


You were on level 7 of the Dungeon.
You were completely stuffed.

You visited 2 branches of the dungeon, and saw 8 of its levels.

You collected 345 gold pieces.

Inventory:

Hand Weapons
 a - a +0 war axe (weapon)
Missiles
 y - a throwing net (quivered)
Armour
 c - a +1 shield (worn)
 s - a +0 cloak (worn)
 A - a +0 chain mail (worn)
Jewellery
 v - an amulet of the gourmand (around neck)
Wands
 x - a wand of iceblast (8)
Scrolls
 h - 3 scrolls of fog
 j - 3 scrolls of teleportation
 l - 4 scrolls of identify
 o - a scroll of enchant armour
 p - 2 scrolls of fear
 u - a scroll of remove curse
 C - a scroll of blinking
Potions
 d - a potion of might
 e - a potion of heal wounds
 g - a potion of ambrosia
 i - 2 potions of resistance
 k - a potion of invisibility
 m - 2 potions of curing
 n - a potion of lignification
 r - a potion of haste
 t - a potion of magic
 w - a potion of degeneration {unknown}
 z - 2 potions of brilliance {unknown}
 B - a potion of flight {unknown}
Comestibles
 b - 13 chunks of flesh
 f - 7 rations


   Skills:
 + Level 5.5(5.0) Fighting
 * Level 13.0(12.4) Axes
 - Level 3.2(2.7) Armour
 - Level 3.2(2.7) Shields


You had 7 spell levels left.
You didn't know any spells.
Your spell library was empty.

Dungeon Overview and Level Annotations

Branches:
Dungeon (7/15)             Temple (1/1) D:4

Altars:
Ashenzari
Cheibriados
Elyvilon
Fedhas
Hepliaklqana
Kikubaaqudgha
Makhleb
Nemelex Xobeh
Qazlal
Ru
Trog
Uskayaw
Vehumet
Xom
Yredelemnul
Zin
The Shining One


Message History

You barely miss the howler monkey.
The howler monkey hoots and howls with incredible vigour!
The two-headed ogre hits you with a cursed -2 giant club!
* * * LOW HITPOINT WARNING * * *
You block the two-headed ogre's attack.
You hear a shout!
You hear a bark!
You hit the two-headed ogre.
The two-headed ogre is heavily wounded.
You slash the howler monkey! The howler monkey hits you.
* * * LOW HITPOINT WARNING * * *
Unknown command.
Unknown command.
You hit the two-headed ogre.
The two-headed ogre is heavily wounded.
You closely miss the howler monkey.
The howler monkey hoots and howls with incredible vigour!
The two-headed ogre hits you with a cursed -2 giant club!
* * * LOW HITPOINT WARNING * * *
The two-headed ogre hits you with a +0 giant spiked club!!
You die...

####### ##.....##
#..#.#$.# ##.......#
....#.#..# ......h@.#
....h##O.###########
..%........<........
.....#######)<..#####..
.... #)...##....# ...
#.......# .. ##....###
. ..#######.....#
#..........##.##


You could see a two-headed ogre and 2 howler monkeys.

Vanquished Creatures
  Sigmund (D:3)
  A phantom (D:5)
  2 ogres
  A scorpion (D:4)
  2 wights (D:7)
  A howler monkey (D:6)
  4 crimson imps
  5 hounds
  3 orc wizards
  Natasha (thrice) (D:2)
  An iguana (D:6)
  8 worker ants
  2 hound zombies
  8 gnolls
  5 adders
  A shadow imp (D:6)
  An adder skeleton (D:6)
  4 worms
  5 dart slugs
  7 leopard geckos
  14 orcs
  A giant cockroach (D:3)
  3 goblins (D:1)
  7 hobgoblins
  6 jackals
  4 quokkas
  3 ball pythons
  5 bats
  4 frilled lizards
  A giant cockroach zombie (D:6)
  4 kobolds
  A leopard gecko skeleton (D:6)
  A leopard gecko zombie (D:5)
  A quokka zombie (D:5)
  5 rats
125 creatures vanquished.

Notes
Turn   | Place    | Note
-------+----------+-------------------------------------------
     0 | D:1      | PikkenKukken the Hill Orc Fighter began the quest for the
                  | Orb.
     0 | D:1      | Reached XP level 1. HP: 19/19 MP: 1/1
    78 | D:1      | Reached skill level 3 in Axes
   173 | D:1      | Found a shimmering altar of Xom.
   265 | D:1      | Reached XP level 2. HP: 26/26 MP: 2/2
   383 | D:1      | Reached skill level 4 in Axes
   833 | D:2      | Noticed Natasha
   840 | D:2      | Killed Natasha
   840 | D:2      | Reached skill level 5 in Axes
   840 | D:2      | Reached XP level 3. HP: 10/31 MP: 3/3
  1065 | D:2      | Found a shimmering altar of Xom.
  1364 | D:2      | Reached XP level 4. HP: 18/39 MP: 4/4
  1906 | D:2      | Noticed Natasha
  1916 | D:2      | Killed Natasha
  1916 | D:2      | Reached skill level 6 in Axes
  2332 | D:2      | Noticed Natasha
  2348 | D:2      | Killed Natasha
  2348 | D:2      | Reached XP level 5. HP: 23/45 MP: 5/5
  2786 | D:3      | Reached skill level 7 in Axes
  2842 | D:3      | Noticed Sigmund
  2855 | D:3      | Killed Sigmund
  2855 | D:3      | Reached skill level 8 in Axes
  2855 | D:3      | Reached XP level 6. HP: 47/51 MP: 6/6
  2935 | D:3      | Found a shattered altar of Ashenzari.
  3038 | D:3      | Reached skill level 9 in Axes
  3872 | D:4      | Reached XP level 7. HP: 52/57 MP: 7/7
  4428 | D:4      | Reached skill level 10 in Axes
  4434 | D:4      | Found a burning altar of Makhleb.
  4635 | D:4      | Found a snail-covered altar of Cheibriados.
  4636 | D:4      | Found a white marble altar of Elyvilon.
  4672 | D:4      | Found a staircase to the Ecumenical Temple.
  4713 | Temple   | Entered the Ecumenical Temple
  5000 | D:5      | Entered Level 5 of the Dungeon
  5081 | D:5      | Found a bloodstained altar of Trog.
  5456 | D:5      | Reached skill level 11 in Axes
  5772 | D:5      | Reached XP level 8. HP: 55/64 MP: 8/8
  6094 | D:6      | Found a shattered altar of Ashenzari.
  6135 | D:6      | Found a hide-covered altar of Uskayaw.
  6153 | D:6      | Reached skill level 12 in Axes
  6746 | D:7      | Reached skill level 5 in Fighting
  6824 | D:7      | Reached skill level 13 in Axes
  6831 | D:7      | Noticed a two-headed ogre
  6847 | D:7      | HP: 5/103 [two-headed ogre/cursed -2 giant club (13)]
  6847 | D:7      | Mangled by a two-headed ogre

Skill      XL: |  1  2  3  4  5  6  7  8 |
---------------+-------------------------+-----
Axes           | 3 5 6 8 9 11 13 | 13.0
Fighting       | 5 |  5.5
Armour         | |  3.2
Shields        | |  3.2

Action                   |  1- 3 |  4- 6 |  7- 9 || total
-------------------------+-------+-------+-------++-------
Melee: War axe           |    65 |   130 |   300 ||   495
  Use: Scroll            |     7 |     2 |    11 ||    20
       Potion            |       |     1 |     1 ||     2
  Eat: Chunk             |     1 |     8 |    22 ||    31
Armor: Scale mail        |    18 |    37 |    35 ||    90
       Chain mail        |       |       |    41 ||    41
Dodge: Dodged            |    18 |    36 |    51 ||   105
Block: Shield            |    31 |    54 |   143 ||   228
